 Dungeon Crawl Stone Soup version 0.22-a0-447-gee5f723 (webtiles) character file.

36 xccam the Magician (level 3, -3/26 HPs)
             Began as a Demonspawn Transmuter on June 3, 2018.
             Killed by divine providence
             ... invoked by an orc priest
              (14 damage)
             ... on level 2 of the Dungeon.
             The game lasted 00:03:02 (1047 turns).

xccam the Magician (Demonspawn Transmuter)          Turns: 1047, Time: 00:03:03

Health: -3/26      AC:  2    Str: 11    XL:     3   Next: 19%
Magic:  2/7        EV: 12    Int: 14    God:
Gold:   27         SH:  0    Dex: 13    Spells: 4/7 levels left

rFire    + . .     SeeInvis .     - Unarmed
rCold    + + .     Gourm    .   (no shield)
rNeg     . . .     Faith    .   b - +0 robe
rPois    +         Spirit   .   (no helmet)
rElec    +         Reflect  .   (no cloak)
rCorr    +         Harm     .   (no gloves)
MR       .....                  (no boots)
Stlth    +.........             (no amulet)
HPRegen  0.08/turn              (no ring)
MPRegen  0.10/turn              (no ring)

@: resistant
A: cold resistance 1
a: no special abilities


You were on level 2 of the Dungeon.
You were hungry.

You visited 1 branch of the dungeon, and saw 2 of its levels.

You collected 27 gold pieces.

Inventory:

Missiles
 a - 7 arrows
Armour
 b - a +0 robe (worn)
 c - a +0 chain mail
Scrolls
 e - a scroll of remove curse {unknown}
 f - a scroll of immolation {unknown}
 h - a scroll of identify {unknown}
Potions
 i - a potion of curing {unknown}
Comestibles
 d - a ration


   Skills:
 - Level 1.0 Fighting
 - Level 1.7 Dodging
 - Level 2.6 Unarmed Combat
 + Level 2.8 Spellcasting
 + Level 2.6 Transmutations


You had 4 spell levels left.
You knew the following spells:

 Your Spells              Type           Power        Failure   Level  Hunger
a - Beastly Appendage     Tmut           #.....       8%          1    #......
b - Sticks to Snakes      Tmut           #.......     11%         2    ###....

Your spell library contained the following spells:

 Spells                   Type           Power        Failure   Level  Hunger
 Spider Form              Tmut/Pois      #.........   36%         3    ###....
 Blade Hands              Tmut           #.........   90%         5    ######.
 Ice Form                 Ice/Tmut       #.......     77%         4    #####..


Dungeon Overview and Level Annotations

Branches:
Dungeon (2/15)

Altars:


Innate Abilities, Weirdness & Mutations

Your flesh is cold resistant. (rC+)


Message History

Casting: Sticks to Snakes (safe; 11% risk of failure)
Confirm with . or Enter, or press ? or * to list all spells.
You create a snake!
You now have 7 arrows.
The orc wizard gestures wildly while chanting.
The orc wizard seems to speed up.
You hear a shout!
Casting: Sticks to Snakes (safe; 11% risk of failure)
Confirm with . or Enter, or press ? or * to list all spells.
You don't have enough magic to cast that spell.
Unknown command.
It was a potion of resistance.
You feel protected. The gnoll hits your ball python.
Your ball python dies!
You closely miss the orc. The orc hits you with a dagger.
An orc priest comes into view. It is wielding a dagger.
The orc priest mumbles some strange prayers to Beogh against you.
Beogh smites you!
Ouch! That really hurt!
You die...

#.####### ....
#....)..# ...
#######.# #.. #
#.# #...# #.# #.#.
## ######.# ...
..#. #o.g@..# ..#
#..#.###.#..###
.<#+#...#.#..oo..#
......#.#.#.#.#..#
......#.#.#......#
......#...#.#.#.##
......#...o.....#
......##.....####
#.#.#..o..####


You could see an orc priest, an orc wizard, a gnoll and 2 orcs.

Vanquished Creatures
  A gnoll (D:2)
  2 dart slugs
  A leopard gecko (D:1)
  2 ball pythons (D:1)
  2 giant cockroaches
  3 hobgoblins (D:1)
  3 jackals (D:1)
  2 kobolds (D:1)
  2 bats (D:1)
  A frilled lizard (D:1)
  A rat (D:1)
20 creatures vanquished.

Vanquished Creatures (collateral kills)
  A hobgoblin (D:1)
1 creature vanquished.

Grand Total: 21 creatures vanquished

Notes
Turn   | Place    | Note
-------+----------+-------------------------------------------
     0 | D:1      | xccam the Demonspawn Transmuter began the quest for the Orb.
     0 | D:1      | Reached XP level 1. HP: 15/15 MP: 3/3
   273 | D:1      | Gained mutation: Your flesh is cold resistant. (rC+) [demonic ancestry]
   273 | D:1      | Reached XP level 2. HP: 19/21 MP: 3/5
   320 | D:1      | Learned a level 2 spell: Sticks to Snakes
   995 | D:2      | Reached XP level 3. HP: 8/26 MP: 7/7
  1047 | D:2      | Killed from afar by an orc priest

Vault maps used:
D:1:      giann_bridges
D:2:      kennysheep_big_flooded_room, gammafunk_temple_overflow_pools,
          marbit_many_paths, grunt_qazlal_clouds,
          chequers_ecumenical_altar_island, serial_glass, glass_columns_a,
          glass_columns_a, glass_columns_a, glass_columns_b, glass_columns_a,
          glass_columns_b, glass_columns_b, glass_columns_a,
          okawaru_altar_gauntlet_db

Skill      XL: |  1 |
---------------+----+-----
Transmutations | 2 |  2.6
Fighting       | |  1.0
Dodging        | |  1.7
Unarmed Combat | |  2.6
Spellcasting   | |  2.8

Action                   || total
-------------------------++-------
Melee: Unarmed           ||    85
       Kick              ||     4
       Headbutt          ||     1
 Cast: Beastly Appendage ||     6
       Sticks to Snakes  ||     5
  Use: Potion            ||     1
 Stab: Distracted        ||     1
       Sleeping          ||     1
Armor: Robe              ||    14
Dodge: Dodged            ||    61

Table legend:
 A = Spawn XP
 B = Non-spawn XP
 C = Spawn XP percentage of total XP
 D = Spawn monster count
 E = Non-spawn monster count
 F = Spawn count percentage of total count
 G = Total turns spent on level
                    A         B        C        D         E        F      G
               +---------+---------+-------+---------+---------+-------+---------
         Total |       0 |      52 |   0.0 |       0 |      21 |   0.0 |  1047
               +---------+---------+-------+---------+---------+-------+---------
           D:1 |       0 |      32 |   0.0 |       0 |      18 |   0.0 |   941
           D:2 |       0 |      20 |   0.0 |       0 |       3 |   0.0 |   106
               +---------+---------+-------+---------+---------+-------+---------
